Workbook

Sheet 01_基本情報・価格
A2: （様式1－2） | K2: 返礼品提案書 | N2: 【記載要領】
A4: 台東区ふるさと納税 1／4 基本情報・価格 | N4: 該当しない項目は「該当なし」と記載してください。金額・日付欄は該当時のみ入力してください。
A5: 1返礼品につき1ファイル。薄黄色の欄に入力・選択してください。
A7: 1．申請者情報
A8: 申請日 | N8: 日付を入力してください。例：2026/9/15
A9: 事業者名 | N9: 台東区へ申請済みの事業者住所を記載してください。
A10: 代表者職名 | N10: 正式な役職名を記載してください。
A11: 代表者氏名
A13: 2．返礼品の基本情報
A14: 返礼品名称 | N14: 全角37文字以内。ポータルサイトに掲載する名称を記載してください。
A15: 返礼品名称（カナ） | N15: 返礼品名称の読み方をカタカナで記載してください。
A16: 返礼品カテゴリ | N16: 該当するカテゴリを選択してください。
A17: 品目名 | N17: 商品が分かるジャンルを記載。 例：チョコレート、靴、帽子,食事券、体験チケット
A19: 3．提供価格・販売価格
A20: 返礼品提供価格（税込） ※送料を除く | L20: 円 | N20: 発送完了後の支払対象となる商品価格。梱包費・諸経費を含め、送料は別欄に記載。
A21: 税区分 | N21: 「内税」または「非課税」を選択してください。
A22: 税率 | N22: 税率を選択してください。非課税の場合は「非課税」を選択。
A23: 一般販売価格（税込） | L23: 円 | N23: ECや店舗での販売価格。返礼品提供価格（送料除く）以上の金額を記載。
A24: 送料（税込） | L24: 円 | N24: 原則として近畿（関西圏）への送料を記載。
A25: 提供価格合計（税込） 商品価格＋送料 | K25: =IF(COUNT(K20,K24)<2,"",K20+K24) | N25: 自動計算。送料が発生しない場合は、送料欄に0を入力。
A26: 想定寄附金額 （自動入力） | K26: =IFERROR(ROUNDUP(K25/27%,-3),"") | N26: 最終的な寄附金額は区が指定します。
A29: 法令等への適合確認 | N29: 各種法令・条例・規則に適合した生産・製造・販売を行っている場合は「確認済」を選択。

Sheet 02_地場産品基準
A2: （様式1－2） | K2: 返礼品提案書 | M2: 【記載要領】
A4: 台東区ふるさと納税 2／4 地場産品基準 | M4: 該当しない項目は「該当なし」と記載してください。金額・日付欄は該当時のみ入力してください。
A5: 1返礼品につき1ファイル。薄黄色の欄に入力・選択してください。
A7: 4．返礼品の要件
A8: 該当する地場産品基準 | M8: 該当すると思われる地場産品基準を選択してください。
A10: 5．製造・加工・企画立案等の返礼品（三号を選択した場合）
A11: 区域内の工程内容 | M11: 工程ごとに何をどこで行うか記載。企画等を区域内で行う場合はその内容も記載。 複数拠点がある場合は全て記載。
A12: 上記工程の発生場所（住所） | M12: 例：台東区○○○丁目○番○号 △△ビル内工場
A13: 区域外の工程内容 | M13: 区域外工程がある場合に記載。例：原材料の染色、パーツの裁断。
A14: 上記工程の発生場所（住所） | M14: 複数の場合は工程と対応する番号を付け、全て記載。
A16: 区域外発生費用（税込） | L16: 円 | M16: 区域外で発生する費用の合計をご記入ください。（原材料や区域外での加工賃の合計）
A17: 区域内で生じる 付加価値の割合(%） | M17: （商品提供価格－区域外発生費用）÷商品提供価格。送料は含めません。 ※51%未満の場合地場産品基準に適合しない可能性がございます。
A18: 割合の理由・ 製造に関する補足事項 | M18: 区域内工程が製品価値を生む理由や、費用・工程に関する補足を記載。 三号の証明書・別紙は別途提出。
A20: 6．サービスの返礼品（七号を選択した場合）
A21: 台東区内で提供する サービスの内容 | M21: 提供する食事・体験等の具体的内容を記載。
A22: サービス提供場所 （店舗名）
A23: サービス提供場所 （住所）
A24: 台東区外に展開する 同一店舗の有無（選択） | M24: 区域外に店舗がある場合は、下欄に詳細を記載。
A25: 区域内店舗における独自性 | M25: 台東区との関連性、区域外の同種サービスでは代替困難な理由、区外店舗の展開状況等を記載。
A27: 7．サービスの返礼品（七号の２を選択した場合）
A28: 台東区内で提供する サービスの内容 | M28: 提供する宿泊等の具体的内容を記載。
A29: サービス提供場所 （店舗名）
A30: サービス提供場所 （住所）
A31: その他補足事項 （サービス）
A33: 8．サービスの返礼品（七号の３イを選択した場合）
A34: 台東区内で提供する サービスの内容 | M34: 提供する宿泊等の具体的内容を記載。
A35: サービス提供場所 （店舗名）
A36: サービス提供場所 （住所）
A37: 宿泊費用 | M37: 一人一泊当たりの宿泊費用を記載。
A38: その他補足事項 （サービス）
A40: 9．サービスの返礼品（その他を選択した場合）
A41: 返礼品に該当する理由 | M41: 該当する基準とその根拠を具体的に記載。例：台東区内で野菜を生産している。

Sheet 03_掲載情報
A2: （様式1－2） | K2: 返礼品提案書 | AJ2: 【記載要領】
A4: 台東区ふるさと納税 3／4 ポータルサイト掲載情報 | AJ4: 該当しない項目は「該当なし」と記載してください。金額・日付欄は該当時のみ入力してください。
A5: 1返礼品につき1ファイル。薄黄色の欄に入力・選択してください。
A7: 7．紹介文・商品情報
A8: 返礼品紹介文 （ポータルサイト掲載用） | AJ8: 魅力やこだわりをできるだけ詳しく記載。予約が必要な場合は寄附申込後の予約方法も記載。掲載時に内容を調整する場合があります。
A9: キャッチコピー | AJ9: 全角40文字以内。魅力を端的に伝える文章を記載。
A10: 返礼品の内容量／内訳／ カラー・サイズ選択等 | AJ10: 数量や構成を記載。例：革靴1足、黒・茶、25～28cm（0.5cm刻み）／ディナーコース×2名分
A11: 返礼品に関する 備考・注意事項 | AJ11: 例：天然素材のため色合いが写真と異なる場合があります。／コースの事前予約が必要です。
A12: 消費期限／賞味期限／ 使用期限 | AJ12: 例：賞味期限：冷凍保存30日／使用期限：発行日から1年間
A13: 原材料等 | AJ13: 使用している原材料名を記載。例：落花生、米粉、しょう油（小麦を含む）、調味料（アミノ酸等）
A15: 8．アレルギー表示（食品・飲料の場合）
A16: 特定原材料9品目 | AJ16: 該当する原材料名を全てお選びください。 該当するものには『〇』該当しないものには『×』をご記入ください。
M17: 卵 | T17: 乳 | AA17: 小麦
M18: そば | T18: 落花生（ピーナッツ） | AA18: えび
M19: かに | T19: カシューナッツ | AA19: くるみ
A21: 特定原材料に準ずるもの 20品目 | AJ21: 該当する原材料名を全てお選びください。 該当するものには『〇』該当しないものには『×』をご記入ください。
M22: さけ | T22: さば | AA22: あわび
M23: いか | T23: いくら | AA23: 牛肉
M24: 豚肉 | T24: 鶏肉 | AA24: ゼラチン
M25: アーモンド | T25: 大豆 | AA25: ごま
M26: やまいも | T26: オレンジ | AA26: キウイフルーツ
M27: バナナ | T27: もも | AA27: りんご
M28: マカダミアナッツ | T28: ピスタチオ
A30: アレルギー特記事項 | AJ30: 共通設備・製造ラインで使用する原材料等の補足があれば記載。
A32: 9．商品コード・掲載素材
A33: JANコード | AJ33: コードがある場合に記載。先頭の0を保持する文字列入力欄です。
A34: 商品URL | AJ34: EC販売ページや自社ホームページの商品紹介URLを記載。
A35: ホームページ記入内容・ 画像の転用可否 | AJ35: 利用可能な範囲を記載。例：内容・画像とも利用可／一部画像のみ利用可（対象画像を記載）
A36: Amazonの掲載状況 | AJ36: Amazonの掲載状況を選択ください。
A37: Amazon ASIN番号 | AJ37: Amazonに登録のある事業者様はASIN番号を記載してください。
A38: Amazon 商品登録名 | AJ38: Amazonに登録のある事業者様は登録名称を記載してください。

Sheet 04_受付・配送
A2: （様式1－2） | K2: 返礼品提案書 | M2: 【記載要領】
A4: 台東区ふるさと納税 4／4 受付・配送条件 | M4: 該当しない項目は「該当なし」と記載してください。金額・日付欄は該当時のみ入力してください。
A5: 1返礼品につき1ファイル。薄黄色の欄に入力・選択してください。
A7: 10．申込受付・提供条件
A8: 申込可能期間 | M8: 通年／期間限定を選択。期間限定の場合は開始日・終了日も入力。
A9: 申込可能期間・開始日 | M9: 期間限定の場合に入力。例：2026/10/1
A10: 申込可能期間・終了日 | M10: 期間限定の場合に入力。例：2026/10/1
A11: 提供可能数 | M11: 制限がある場合は具体的に記載。例：月100個限定／制限なし
A12: のし対応 | M12: 可／不可を選択。種類や名入れの条件は最下段の特記事項に記載。
A14: 11．発送・配送条件
A15: 配送可能期間 （自由入力） | M15: 発送期間に指定がある場合に記載。例：8月開催イベントのチケットのため6月にまとめて発送。
A16: 配送業者 | M16: その他の場合は最下段の特記事項に詳細を記載。
A17: 配送サイズ・発送形態 | M17: 例：60サイズ、80サイズ、レターパック、クリックポスト、簡易書留。 金券・チケットはレターパック等で発送をお願いいたします。
A18: 配送方法（温度帯等） | M18: 常温／冷蔵／冷凍を選択。郵便やメールの場合は「該当なし」。
A19: 発送予定日 （注文からの日数） | M19: 注文から発送にかかる日数。14日未満の場合、掲載サイトでは「14日前後」と記載。
A20: 配送日の指定 | M20: 郵便・メールの場合は「該当なし」を選択。
A21: 配送時間の指定 | M21: 郵便・メールの場合は「該当なし」を選択。
A22: 配送不可地域 | M22: 配送できない地域を記載。例：離島／該当なし
A24: その他特記事項 （受付・配送） | M24: 特別な梱包、配送条件、「その他」を選択した項目の詳細、のしの条件等を記載。
A26: 入力後は4シートを確認し、返礼品ごとにファイルを保存してご提出ください。

Sheet 集約用
A1: 申請日 | B1: 1.事業者名 | C1: 2.代表者職名 | D1: 3.代表者氏名 | E1: 4.返礼品名称 | F1: 返礼品名称（カナ） | G1: 5-1.カテゴリ | H1: 5-2.品目名 | I1: 地場産品該当理由 | J1: 区域内の工程内容 | K1: 上記工程の発生場所（住所） | L1: 区域外の工程内容 | M1: 上記工程の発生場所（住所） | N1: 区域外発生費用（税込） | O1: 区域内で生じる 付加価値の割合 | P1: 割合の理由・ 製造に関する補足事項 | Q1: 台東区内で提供する サービスの内容 | R1: サービス提供場所 （店舗名） | S1: サービス提供場所 （住所） | T1: 台東区外に展開する 同一店舗の有無 | U1: 区域内店舗における独自性 | V1: 台東区内で提供する サービスの内容 | W1: サービス提供場所 （店舗名） | X1: サービス提供場所 （住所） | Y1: その他補足事項 （サービス） | Z1: 台東区内で提供する サービスの内容 | AA1: サービス提供場所 （店舗名） | AB1: サービス提供場所 （住所） | AC1: 宿泊費用 | AD1: その他補足事項 （サービス） | AE1: 返礼品に該当する理由 | AF1: 7.返礼品価格 | AG1: 税率 | AH1: 送料 | AI1: 提供価格合計（税込） | AJ1: 想定寄附金額 | AK1: 8.紹介文 | AL1: キャッチコピー | AM1: 9.返礼品の内容量/内訳／カラー | AN1: 10.原材料／アレルギー | AO1: 11.備考/注意事項 | AP1: 12.賞味/利用期限 | AQ1: 13.提供可能時期 | AR1: 申込可能期間・開始日 | AS1: 申込可能期間・終了日 | AT1: 14.提供可能数 | AU1: 15.のし対応可否 | AV1: 16.発送予定業者 | AW1: 配送サイズ・発送形態 | AX1: 配送方法（温度帯等） | AY1: 発送予定日 | AZ1: 19.配送日の指定可否 | BA1: 20.配送時間の指定可否 | BB1: 21.その他 | BC1: 22,法令、条例、規則
A2: ='01_基本情報・価格'!K8 -> 0 | B2: ='01_基本情報・価格'!K9 -> 0 | C2: ='01_基本情報・価格'!K10 -> 0 | D2: ='01_基本情報・価格'!K11 -> 0 | E2: ='01_基本情報・価格'!K14 -> 0 | F2: ='01_基本情報・価格'!K15 -> 0 | G2: ='01_基本情報・価格'!K16 -> 0 | H2: ='01_基本情報・価格'!K17 -> 0 | I2: ='02_地場産品基準'!K8 -> 0 | J2: =IF('02_地場産品基準'!K11="","-",'02_地場産品基準'!K11) -> - | K2: =IF('02_地場産品基準'!K12="","-",'02_地場産品基準'!K12) -> - | L2: =IF('02_地場産品基準'!K13="","-",'02_地場産品基準'!K13) -> - | M2: =IF('02_地場産品基準'!K14="","-",'02_地場産品基準'!K14) -> - | N2: =IF('02_地場産品基準'!K16="","-",'02_地場産品基準'!K16) -> - | O2: =IF('02_地場産品基準'!K17="","-",'02_地場産品基準'!K17) -> - | P2: =IF('02_地場産品基準'!K18="","-",'02_地場産品基準'!K18) -> - | Q2: =IF('02_地場産品基準'!K21="","-",'02_地場産品基準'!K21) -> - | R2: =IF('02_地場産品基準'!K22="","-",'02_地場産品基準'!K22) -> - | S2: =IF('02_地場産品基準'!K23="","-",'02_地場産品基準'!K23) -> - | T2: =IF('02_地場産品基準'!K24="","-",'02_地場産品基準'!K24) -> - | U2: =IF('02_地場産品基準'!K25="","-",'02_地場産品基準'!K25) -> - | V2: =IF('02_地場産品基準'!K28="","-",'02_地場産品基準'!K28) -> - | W2: =IF('02_地場産品基準'!K29="","-",'02_地場産品基準'!K29) -> - | X2: =IF('02_地場産品基準'!K30="","-",'02_地場産品基準'!K30) -> - | Y2: =IF('02_地場産品基準'!K31="","-",'02_地場産品基準'!K31) -> - | Z2: =IF('02_地場産品基準'!K34="","-",'02_地場産品基準'!K34) -> - | AA2: =IF('02_地場産品基準'!K35="","-",'02_地場産品基準'!K35) -> - | AB2: =IF('02_地場産品基準'!K36="","-",'02_地場産品基準'!K36) -> - | AC2: =IF('02_地場産品基準'!K37="","-",'02_地場産品基準'!K37) -> - | AD2: =IF('02_地場産品基準'!K38="","-",'02_地場産品基準'!K38) -> - | AE2: =IF('02_地場産品基準'!K41="","-",'02_地場産品基準'!K41) -> - | AF2: ='01_基本情報・価格'!K20 -> 0 | AG2: ='01_基本情報・価格'!K22 -> 0 | AH2: ='01_基本情報・価格'!K24 -> 0 | AI2: ='01_基本情報・価格'!K25 | AJ2: ='01_基本情報・価格'!K26 | AK2: ='03_掲載情報'!K8 -> 0 | AL2: ='03_掲載情報'!K9 -> 0 | AM2: ='03_掲載情報'!K10 -> 0 | AN2: ='03_掲載情報'!K13 -> 0 | AO2: ='03_掲載情報'!K11 -> 0 | AP2: ='03_掲載情報'!Q12 -> 0 | AQ2: ='04_受付・配送'!K8 -> 0 | AR2: =IF('04_受付・配送'!K9="","-",'04_受付・配送'!K9) -> - | AS2: =IF('04_受付・配送'!K10="","-",'04_受付・配送'!K10) -> - | AT2: ='04_受付・配送'!K11 -> 0 | AU2: ='04_受付・配送'!K12 -> 0 | AV2: ='04_受付・配送'!K16 -> 0 | AW2: ='04_受付・配送'!K17 -> 0 | AX2: ='04_受付・配送'!K18 -> 0 | AY2: ='04_受付・配送'!K19 -> 0 | AZ2: ='04_受付・配送'!K20 -> 0 | BA2: ='04_受付・配送'!K21 -> 0 | BB2: ='04_受付・配送'!K24 -> 0 | BC2: ='01_基本情報・価格'!K29 -> 0
